 Dungeon Crawl Stone Soup version 0.27.0 (webtiles) character file.

Game seed: 16813663063711471563

26767 mainiacjoe the Grappler (level 13, -5/133 HPs)
             Began as a Troll Transmuter on July 30, 2021.
             Slain by an entropy weaver simulacrum (6 damage)
             ... in an ice cave.
             The game lasted 00:41:54 (10651 turns).

mainiacjoe the Grappler (Troll Transmuter)         Turns: 10651, Time: 00:41:54

Health: -5/133     AC:  7    Str: 23    XL:     13   Next: 0%
Magic:  13/13      EV:  9    Int: 11    God:
Gold:   864        SH:  5    Dex: 10    Spells: 7/14 levels left

rFire    + . .     SeeInvis .     - Unarmed
rCold    + . .     Faith    .   (no shield)
rNeg     . . .     Spirit   .   L - +0 troll leather armour
rPois    .         Reflect  +   G - +1 hat
rElec    .         Harm     .   c - scarf {rC+ rF+}
rCorr    .         Rampage  .   (gloves unavailable)
Will     .....                  (boots unavailable)
Stlth    +.........             A - amulet of reflection
HPRegen  2.32/turn              d - ring of flight
MPRegen  0.13/turn              (no ring)

@: flying
A: large, unfitting armour, claws 3, regeneration 1, shaggy fur 1, tough skin 1
a: no special abilities


You were in an ice cave.
You visited 3 branches of the dungeon, and saw 16 of its levels.
You also visited: Ice Cave.

You collected 864 gold pieces.

Inventory:

Hand Weapons
 a - a +1 hunting sling of freezing
 b - a +3 hunting sling of flaming
Missiles
 e - 375 stones
 i - 7 atropa-tipped darts {=F}
 r - 73 poisoned darts
 x - 78 sling bullets
 y - 15 boomerangs (quivered)
 M - 4 large rocks
 R - 3 curare-tipped darts {=F}
Armour
 c - a scarf of resistance (worn)
 m - +0 acid dragon scales
 G - a +1 hat (worn)
 H - +0 swamp dragon scales
 I - +0 steam dragon scales
 L - a +0 troll leather armour (worn)
 S - a +0 cloak
Jewellery
 d - a ring of flight (left claw)
 A - an amulet of reflection (around neck)
Wands
 o - a wand of acid (8)
 q - a wand of iceblast (22)
 K - a wand of polymorph (10)
 P - a wand of mindburst (14)
 U - a wand of flame (20)


   Skills:
 - Level 10.0 Fighting
 * Level 5.0 Throwing
 + Level 0.2 Armour
 + Level 1.6 Dodging
 - Level 12.0 Unarmed Combat
 - Level 1.2 Spellcasting
 - Level 9.0 Transmutations
 - Level 4.0 Ice Magic
 + Level 4.0 Evocations


You had 7 spell levels left.
You knew the following spells:

 Your Spells              Type           Power      Damage    Failure   Level
a - Beastly Appendage     Tmut           40%        N/A       1%          1
b - Wereblood             Tmut           20%        N/A       1%          2
c - Ice Form              Ice/Tmut       14%        N/A       26%         4

Your spell library contained the following spells:

 Spells                   Type           Power      Damage    Failure   Level
 Spider Form              Tmut/Pois      5%         N/A       17%         3
 Animate Skeleton         Necr           0%         N/A       36%         1
 Pain                     Necr           0%         1d4       36%         1
 Blink                    Tloc           N/A        N/A       50%         2
 Sublimation of Blood     Necr           0%         N/A       50%         2
 Lesser Beckoning         Tloc           0%         N/A       73%         3
 Vampiric Draining        Necr           0%         2d6       73%         3
 Agony                    Necr           0%         N/A       100%        5
 Excruciating Wounds      Necr           0%         N/A       100%        5
 Manifold Assault         Tloc           0%         N/A       100%        5
 Summon Hydra             Summ           0%         N/A       100%        7


Dungeon Overview and Level Annotations

Branches:
Dungeon (10/15)            Temple (0/1) D:7            Lair (4/6) D:9
    Orc (2/2) D:9           IceCv (1/1)
  Swamp: Lair:2-4    Shoals: Lair:2-4     Snake: Lair:2-4    Spider: Lair:2-4
    Elf: Orc:2

Altars:
Ashenzari
Elyvilon
Fedhas
Hepliaklqana
Nemelex Xobeh
Ru
Sif Muna
Trog
Uskayaw
Wu Jian
Zin

Shops:
D:6 (   D:7 *


Innate Abilities, Weirdness & Mutations

You are too large for most types of armour.
You have claws for hands.
Your natural rate of healing is unusually fast.
You are covered in fur. (AC +1)
You have tough skin. (AC +1)


Message History

You resist.
Your +3 hunting sling of flaming stops flaming.
Your +1 hunting sling of freezing is covered in frost.
a - a +1 hunting sling of freezing (weapon)
Unknown command.
Your +1 hunting sling of freezing stops glowing.
Your +3 hunting sling of flaming bursts into flame!
b - a +3 hunting sling of flaming (weapon)
You block the entropy weaver simulacrum's attack.
The entropy weaver simulacrum hits you!
The entropy weaver simulacrum freezes you!!
You resist.
The entropy weaver simulacrum hits you but does no damage.
The entropy weaver simulacrum hits you.
* * * LOW HITPOINT WARNING * * *
The entropy weaver simulacrum freezes you!!
You resist.
* * * LOW HITPOINT WARNING * * *
Your +3 hunting sling of flaming stops flaming.
Your +1 hunting sling of freezing is covered in frost.
a - a +1 hunting sling of freezing (weapon)
Your +1 hunting sling of freezing stops glowing.
You are now empty-clawed.
The entropy weaver simulacrum hits you.
* * * LOW HITPOINT WARNING * * *
The entropy weaver simulacrum freezes you!
You resist.
* * * LOW HITPOINT WARNING * * *
The entropy weaver simulacrum completely misses you.
The entropy weaver simulacrum barely misses you. x2
You scratch the entropy weaver simulacrum but do no damage.
You claw the entropy weaver simulacrum!
You claw the entropy weaver simulacrum!!
The entropy weaver simulacrum is almost destroyed.
The entropy weaver simulacrum hits you!
* * * LOW HITPOINT WARNING * * *
The entropy weaver simulacrum freezes you!
You resist.
* * * LOW HITPOINT WARNING * * *
The entropy weaver simulacrum hits you.
You die...

###### ###....###
##........###
##....###....##
#...###.###..@###
#...##....####Z.##
######..##.....##Z..#
#.#............###..#
.........##...##...##
...##.#########...##
.###≈≈≈# ###.Z.##
###≈≈≈######...###
###........(##


You could see a death yak simulacrum and an entropy weaver simulacrum.

Vanquished Creatures
  2 hydras (Lair:3)
  A two-headed ogre (D:9)
  Pikel (D:5)
  An orc knight (D:9)
  An orc sorcerer (D:9)
  A cyclops (Orc:1)
  7 elephants
  Joseph (D:7)
  A black mamba (Lair:3)
  2 ice statues (IceCv)
  2 cane toads
  Maggie (D:8)
  3 rime drakes (Lair:3)
  2 komodo dragons
  2 ice devils (IceCv)
  An anaconda simulacrum (IceCv)
  3 trolls
  A hornet (D:9)
  3 blink frogs (Lair:3)
  10 dream sheep
  32 yaks
  A wraith (D:9)
  A basilisk (Lair:3)
  A wyvern (D:9)
  A vampire (D:9)
  2 steam dragons
  Menkaure (D:6)
  2 death yak simulacra
  Edmund (D:5)
  8 water moccasins
  A sky beast (D:6)
  10 orc warriors
  3 ice beasts
  14 wolves
  2 ogres
  6 centaurs
  2 lemures (D:5)
  3 kobold brigands
  2 scorpions
  9 bullfrogs
  A gnoll sergeant (D:8)
  A two-headed ogre simulacrum (IceCv)
  A water moccasin skeleton (D:5)
  2 elephant simulacra
  7 killer bees
  2 howler monkeys
  22 wights
  6 centaur zombies
  A hound (D:7)
  7 orc priests
  2 iguanas (D:5)
  3 polar bear simulacra (Lair:4)
  16 orc wizards
  3 spriggan simulacra (IceCv)
  A wolf simulacrum (IceCv)
  A troll simulacrum (IceCv)
  A killer bee zombie (D:7)
  A hound skeleton (D:4)
  4 howler monkey zombies
  2 howler monkey skeletons (D:7)
  4 gnolls
  2 adders
  3 naga simulacra (IceCv)
  3 white imps (IceCv)
  2 ufetubi
  A worm (D:5)
  9 dart slugs
  41 orcs
  7 ball pythons
  5 endoplasms
  A giant cockroach (D:4)
  5 goblins
  5 hobgoblins
  2 jackals (D:3)
  25 kobolds
  4 bats
  6 frilled lizards
  A rat (D:1)
358 creatures vanquished.

Vanquished Creatures (others)
  A white imp (IceCv)
  2 orcs
  5 fungi
  17 plants
25 creatures vanquished.

Grand Total: 383 creatures vanquished

Notes
Turn   | Place    | Note
-------+----------+-------------------------------------------
     0 | D:1      | mainiacjoe the Troll Transmuter began the quest for the
                  | Orb.
     0 | D:1      | Reached XP level 1. HP: 18/18 MP: 1/1
   108 | D:1      | Reached skill level 1 in Fighting
   130 | D:1      | Reached XP level 2. HP: 27/27 MP: 0/2
   216 | D:1      | Found a faded altar of an unknown god.
   479 | D:1      | Reached XP level 3. HP: 35/35 MP: 3/3
   628 | D:3      | Found a shimmering blue altar of Sif Muna.
   688 | D:3      | Found an ornate altar of the Wu Jian Council.
   833 | D:4      | Reached skill level 4 in Unarmed Combat
   837 | D:4      | Reached XP level 4. HP: 34/44 MP: 2/4
   946 | D:4      | Noticed a scorpion
   958 | D:4      | Killed a scorpion
   959 | D:4      | Reached XP level 5. HP: 42/52 MP: 3/5
  1130 | D:4      | Found a blossoming altar of Fedhas.
  1392 | D:5      | Entered Level 5 of the Dungeon
  1520 | D:5      | Learned a level 2 spell: Wereblood
  1559 | D:5      | Reached skill level 5 in Unarmed Combat
  1667 | D:5      | Noticed an ogre
  1673 | D:5      | Killed an ogre
  1674 | D:5      | Reached XP level 6. HP: 33/61 MP: 4/6
  1699 | D:5      | Found a sparkling altar of Nemelex Xobeh.
  1760 | D:5      | Noticed Edmund
  1772 | D:5      | Killed Edmund
  2058 | D:5      | Noticed a water moccasin
  2066 | D:5      | Killed a water moccasin
  2067 | D:5      | Reached skill level 6 in Unarmed Combat
  2067 | D:5      | Reached XP level 7. HP: 51/71 MP: 5/7
  2157 | D:6      | Noticed Pikel
  2198 | D:5      | Killed Pikel
  2199 | D:5      | Reached XP level 8. HP: 32/79 MP: 8/8
  2454 | D:6      | Found Emijaumafo's Antique Weapon Shop.
  2465 | D:6      | Noticed Menkaure
  2471 | D:6      | Killed Menkaure
  2500 | D:6      | Reached skill level 5 in Fighting
  2803 | D:7      | Reached skill level 7 in Unarmed Combat
  2813 | D:7      | Reached skill level 5 in Transmutations
  2913 | D:7      | Reached XP level 9. HP: 74/89 MP: 9/9
  2972 | D:7      | Found Zin's Purification Station.
  2975 | D:7      | Found a glowing silver altar of Zin.
  3042 | D:7      | Noticed Joseph
  3060 | D:7      | Killed Joseph
  4248 | D:7      | Found a staircase to the Ecumenical Temple.
  4311 | D:7      | Reached skill level 8 in Unarmed Combat
  4633 | D:7      | Noticed a troll
  4640 | D:7      | Killed a troll
  4825 | D:8      | Noticed Maggie
  4836 | D:8      | Killed Maggie
  5223 | D:8      | Learned a level 4 spell: Ice Form
  5258 | D:8      | Reached skill level 9 in Unarmed Combat
  5266 | D:8      | Reached XP level 10. HP: 85/101 MP: 8/10
  5508 | D:8      | Reached skill level 1 in Ice Magic
  5816 | D:8      | Found a sacrificial altar of Ru.
  5816 | D:8      | Found a hide-covered altar of Uskayaw.
  5890 | D:9      | Found a staircase to the Orcish Mines.
  5996 | Orc:1    | Entered Level 1 of the Orcish Mines
  6000 | Orc:1    | Noticed an orc sorcerer
  6082 | Orc:1    | Noticed an orange demon
  6183 | Orc:1    | Noticed an orc knight
  6288 | D:9      | HP: 3/102 [orc (3)]
  6460 | D:9      | Killed an orc knight
  6511 | Orc:1    | Noticed a soul eater
  6549 | D:9      | Killed an orc sorcerer
  6550 | D:9      | Reached skill level 10 in Unarmed Combat
  6632 | Orc:1    | Noticed a cyclops
  6685 | Orc:1    | Killed a cyclops
  6799 | Orc:2    | Entered Level 2 of the Orcish Mines
  6799 | Orc:2    | Noticed an orc sorcerer
  6877 | D:9      | Found a staircase to the Lair.
  6955 | D:9      | Reached XP level 11. HP: 113/113 MP: 11/11
  7052 | D:9      | Noticed a two-headed ogre
  7060 | D:9      | Killed a two-headed ogre
  7672 | D:9      | Paralysed by a hornet for 1 turns
  7774 | D:10     | Entered Level 10 of the Dungeon
  7810 | D:10     | Reached skill level 11 in Unarmed Combat
  8297 | D:10     | Found a hazy altar of Hepliaklqana.
  8457 | D:10     | Found a broken altar of Ashenzari.
  8457 | D:10     | Found a bloodstained altar of Trog.
  8464 | D:10     | Found a white marble altar of Elyvilon.
  8466 | D:10     | Found a faded altar of an unknown god.
  8468 | D:10     | Found a faded altar of an unknown god.
  8732 | Lair:1   | Entered Level 1 of the Lair of Beasts
  9246 | Lair:2   | Reached XP level 12. HP: 126/126 MP: 12/12
  9302 | Lair:3   | Noticed a six-headed hydra
  9419 | Lair:3   | Noticed a six-headed hydra
  9427 | Lair:3   | Killed a six-headed hydra
  9470 | Lair:3   | Noticed Sonja
  9471 | Lair:3   | Noticed Sonja
  9471 | Lair:3   | Sonja changed into Sonja the wolf
  9481 | Lair:3   | Reached skill level 10 in Fighting
  9481 | Lair:3   | Reached skill level 12 in Unarmed Combat
  9484 | Lair:3   | Killed Sonja the wolf
  9523 | Lair:3   | Killed a six-headed hydra
  9724 | Lair:3   | Reached skill level 1 in Throwing
  9757 | Lair:3   | Reached skill level 1 in Evocations
 10056 | Lair:4   | Reached skill level 5 in Throwing
 10079 | Lair:4   | Found a frozen archway.
 10172 | IceCv    | Entered an ice cave
 10525 | IceCv    | Reached XP level 13. HP: 108/133 MP: 13/13
 10651 | IceCv    | HP: 1/133 [entropy weaver simulacrum (14)]
 10651 | IceCv    | Slain by an entropy weaver simulacrum

Illustrated notes

Levels and vault maps discovered:
D:1:      psy_arrival_fountain, layout_rooms,
          ebering_ecumenical_altar_petrified, serial_bayou, serial_bayou_pond_d,
          serial_bayou_pond_b, serial_bayou_pond_e, serial_bayou_pond_a,
          minmay_misc_feat_x, minmay_pentomino_s4
D:2:      layout_rooms
D:3:      layout_basic, led_sif_pool, nicolae_wu_jian_wuxing_cycle
D:4:      layout_basic, overflow_temple_1_default
D:5:      layout_loops_ring, nemelex_dance_club_becter, kennysheep_donut,
          uniq_edmund
D:6:      layout_rooms, serial_glass, glass_columns_a, glass_columns_c,
          serial_shops, shop, uniq_pikel, uniq_menkaure
D:7:      layout_gridville, zin_purify, temple_doors_e, minmay_bent, uniq_joseph
D:8:      layout_loops_cross, amethyst_overflow_temple_binary, uniq_maggie
D:9:      minmay_s_stair_smasher, layout_irregular_city, david_lair_shrubbed,
          orc_0_dummy
D:10:     layout_long_grid, lemuel_round_altar,
          chequers_temple_overflow_minitemple
Lair:1:   layout_cave_shapes
Lair:2:   layout_cellular_growth
Lair:3:   layout_layer_cave, guppyfry_snake_entry_island, beast_lair_carwin_1,
          serial_bayou_shore_a, uniq_sonja
Lair:4:   layout_cave_pods, minmay_shoals_entry_beasts,
          portal_ice_cave_entry_ice_simulacra, infiniplex_staircase_pool_2,
          lemuel_fruit_fields
Orc:1:    layout_caves
Orc:2:    st_orc_pillars, layout_diamond_mine
IceCv:    ice_cave_small_demon

Skill      XL: |  1  2  3  4  5  6  7  8  9 10 11 12 |
---------------+-------------------------------------+-----
Fighting       | 1 2 3 4 5 7 8 9 10 | 10.0
Unarmed Combat | 4 5 6 7 9 10 11 12 | 12.0
Transmutations | 4 5 6 7 9 |  9.0
Ice Magic      | 3 4 |  4.0
Throwing       | 5 |  5.0
Evocations     | 4 |  4.0
Armour         | |  0.2
Dodging        | |  1.6
Spellcasting   | |  1.2

Action                   |  1- 3 |  4- 6 |  7- 9 | 10-12 | 13-15 || total
-------------------------+-------+-------+-------+-------+-------++-------
Melee: Unarmed           |    87 |    69 |   205 |   590 |     2 ||   953
       Kick              |     3 |    12 |    31 |    77 |       ||   123
       Headbutt          |       |     7 |    17 |    49 |       ||    73
       Punch             |       |     1 |     3 |    26 |     1 ||    31
 Fire: Hunting sling     |    12 |       |    51 |   144 |    22 ||   229
Throw: Throwing net      |       |       |     1 |       |       ||     1
       Boomerang         |       |       |       |    65 |       ||    65
       Dart              |       |       |       |     5 |       ||     5
 Cast: Beastly Appendage |     6 |     7 |    18 |    28 |       ||    59
       Wereblood         |       |       |     4 |    24 |       ||    28
       Ice Form          |       |       |       |     2 |       ||     2
Evoke: Wand              |       |     1 |     6 |     6 |       ||    13
 Stab: Held in net/web   |       |       |     1 |       |       ||     1
Armor: Robe              |    19 |    11 |       |       |       ||    30
       Acid dragon scale |       |     5 |    83 |       |       ||    88
       Swamp dragon scal |       |       |    28 |    26 |       ||    54
       Troll leather arm |       |       |       |   149 |     2 ||   151
       Steam dragon scal |       |       |       |    13 |       ||    13
       Skin              |       |       |       |     3 |       ||     3
Dodge: Dodged            |    37 |    19 |   103 |   240 |     6 ||   405
Block: Other             |       |       |    25 |   146 |     2 ||   173
       Reflection        |       |       |     1 |     6 |       ||     7
